 Dungeon Crawl Stone Soup version 0.29.1-15-g9cfb28693d (webtiles) character file.

Game seed: 9663226287564800378

56 croobank the Firebug (level 3, -3/24 HPs)
             Began as a Demonspawn Fire Elementalist on Apr 10, 2023.
             Killed from afar by an orc wizard (9 damage)
             ... with a puff of flame
             ... on level 2 of the Dungeon.
             The game lasted 00:04:17 (2340 turns).

croobank the Firebug (Demonspawn Fire Elementalist) Turns: 2340, Time: 00:04:17

Health: -3/24      AC:  2    Str:  8    XL:     3   Next: 69%
Magic:  2/6        EV: 12    Int: 18    God:
Gold:   77         SH:  0    Dex: 13    Spells: 3/6 levels left

rFire   . . .      SeeInvis .   d - +0 rapier
rCold   . . .      Faith    .   (no shield)
rNeg    . . .      Spirit   .   a - +0 robe
rPois   .          Reflect  .   (no helmet)
rElec   .          Harm     .   (no cloak)
rCorr   .          Rampage  .   (no gloves)
Will    .....                   (no boots)
Stlth   ++........              (no amulet)
HPRegen 0.08/turn               (no ring)
MPRegen 0.10/turn               (no ring)

@: no status effects
A: foul stench 1
a: no special abilities


You were on level 2 of the Dungeon.
You visited 1 branch of the dungeon, and saw 2 of its levels.

You collected 77 gold pieces.

Inventory:

Hand Weapons
 d - a +0 rapier (weapon)
 h - a +0 short sword
Armour
 a - a +0 robe (worn)
 l - a +4 ring mail
Scrolls
 c - a scroll of amnesia {unknown}
 e - 6 scrolls of identify {unknown}
 g - 5 scrolls of teleportation {unknown}
 j - a scroll of magic mapping {unknown}
 k - a scroll of summoning {unknown}
 o - a scroll of poison {unknown}
 p - a scroll of torment {unknown}
Potions
 b - a potion of magic
 f - 2 potions of might {unknown}
 i - 2 potions of heal wounds {unknown}
 m - a potion of haste {unknown}
 n - a potion of lignification {unknown}


   Skills:
 + Level 0.2 Fighting
 * Level 1.0 Armour
 + Level 2.2 Dodging
 + Level 2.2 Stealth
 + Level 2.3 Spellcasting
 + Level 1.6 Conjurations
 + Level 3.0 Fire Magic


You had 3 spell levels left.
You knew the following spells:

 Your Spells              Type           Power      Damage    Failure   Level
a - Foxfire               Conj/Fire      40%        2x1d6     7%          1
b - Scorch                Fire           24%        2d6       8%          2

Your spell library contained the following spells:

 Spells                   Type           Power      Damage    Failure   Level
 Necrotise                Necr           8%         1d4       17%         1
 Conjure Flame            Conj/Fire      10%        6-21      21%         3
 Inner Flame              Hex/Fire       7%         N/A       28%         3
 Vampiric Draining        Necr           2%         2d6       45%         3
 Flame Wave               Conj/Fire      10%        2d6       54%         4
 Agony                    Necr           2%         N/A       99%         5


Dungeon Overview and Level Annotations

Branches:
Dungeon (2/15)

Altars:

Shops:
D:1 (:


Innate Abilities, Weirdness & Mutations

You may rarely emit foul miasma when damaged in melee.


Message History

The orc wizard flickers and vanishes!
Deactivating autopickup; reactivate with Ctrl-A.
What are your orders? t - Shout!
Orders for allies: a - Attack new target. r - Retreat! s - Stop attacking. g - Guard the area. f - Follow me.
Anything else - Cancel.
Gang up on whom?
Press: ? - help, Dir - move target, f - orc
Aim: an orc, wielding a +0 mace and wearing a +0 leather armour (ally target) Attack!
The foxfire hits the orc.
The orc is severely wounded.
The orc hits you with a +0 mace.
Items here: ! $ ) ?.
You barely miss the orc.
The orc is severely wounded.
The orc hits you with a +0 mace.
You emit a cloud of foul miasma!
Casting: Foxfire (safe; 7% risk of failure)
Confirm with . or Enter, or press ? or * to list all spells.
You don't have enough magic to cast this spell.
You closely miss the orc.
The orc is severely wounded.
The orc is engulfed in dark miasma.
The orc is poisoned.
You kill the orc!
Your Armour skill increases to level 1!
Your Fire Magic skill increases to level 3!
Something hits you.
An orc comes into view. It is wielding a +0 hand axe.
Things that are here:
a +0 mace; a +0 leather armour You miss something.
Something hits you. x2
You barely miss something. Something hits you.
* * * LOW HITPOINT WARNING * * *
You hit something but do no damage. Something hits you but does no damage.
You barely miss something.
You hear some strange, mumbled words.
A puff of flame appears from out of thin air!
The puff of flame hits you!
You die...

#......
.........###
.._... ..#
######.....
..o.#
..#########.####
..o#
............####
).#
#.#########.....
#S# #.# ######
#.# #.#
#†#####.#
########
#..o{@).#
#......#
#.#######
#.####.# #.# #.#
#.# #.# #.# #.#
#)# #.# #.# #.#
#.# #.# #.# #.#
#.# #.# #.# #.#
#.# #.# #.#


You could see an orc.

Vanquished Creatures
  An adder (D:2)
  A dart slug (D:1)
  An orc (D:2)
  2 bats
  5 endoplasms (D:1)
  A giant cockroach (D:2)
  3 goblins
  4 hobgoblins
  6 jackals (D:2)
  4 kobolds
  2 quokkas
  5 ball pythons
  2 rats (D:1)
37 creatures vanquished.

Vanquished Creatures (others)
  56 foxfires
56 creatures vanquished.

Grand Total: 93 creatures vanquished

Notes
Turn   | Place    | Note
-------+----------+-------------------------------------------
     0 | D:1      | croobank the Demonspawn Fire Elementalist began the quest
                  | for the Orb.
     0 | D:1      | Reached XP level 1. HP: 13/13 MP: 3/3
    49 | D:1      | Found Moob's Book Emporium.
   209 | D:1      | Found Olaxzu's Weapon Shop.
   603 | D:1      | Gained mutation: You may rarely emit foul miasma when
                  | damaged in melee. [demonic ancestry]
   603 | D:1      | Reached XP level 2. HP: 19/19 MP: 3/5
   606 | D:1      | Learned a level 2 spell: Scorch
  1610 | D:2      | Reached XP level 3. HP: 24/24 MP: 1/6
  2316 | D:2      | Found a faded altar of an unknown god.
  2336 | D:2      | Reached skill level 1 in Armour
  2336 | D:2      | Reached skill level 3 in Fire Magic
  2340 | D:2      | Killed from afar by an orc wizard

Illustrated notes

Levels and vault maps discovered:
D:1:      eino_arrival_tree_alley, layout_loops_corners, serial_shops,
          nicolae_shop_crystal, nicolae_shop_trees, minmay_cut_off
D:2:      layout_loops_ring, ebering_ecumenical_altar_sacrificial,
          minmay_tripent

Skill      XL: |  1  2  3 |
---------------+----------+-----
Stealth        | 2 |  2.2
Dodging        | 2 |  2.2
Armour         | 1 |  1.0
Fire Magic     | 3 |  3.0
Fighting       | |  0.2
Spellcasting   | |  2.3
Conjurations   | |  1.6

Action                   || total
-------------------------++-------
Melee: Rapier            ||    10
 Cast: Foxfire           ||    35
       Scorch            ||    15
Armor: Robe              ||     1
Dodge: Dodged            ||     7
